 Dungeon Crawl Stone Soup version 0.21-a0-26-g7b23a2f (webtiles) character file.

280 grindst0ne the Skirmisher (level 6, -5/51 HPs)
             Began as a Demonspawn Berserker on May 25, 2017.
             Was a Priest of Trog.
             Splashed by Ijyb's acid (15 damage)
             ... on level 3 of the Dungeon.
             The game lasted 00:05:08 (3742 turns).

grindst0ne the Skirmisher (Demonspawn Berserker)    Turns: 3742, Time: 00:05:09

Health: -5/51      AC:  8    Str: 19    XL:     6   Next: 5%
Magic:  6/6        EV: 11    Int:  9    God:    Trog [***...]
Gold:   96         SH:  0    Dex: 12    Spells: 5/5 levels left

rFire    . . .     SeeInvis .   l - +0 war axe
rCold    . . .     Gourm    .   (no shield)
rNeg     . . .     Faith    .   q - +0 ring mail
rPois    .         Spirit   .   (helmet restricted)
rElec    .         Reflect  .   (no cloak)
rCorr    .         Harm     .   (no gloves)
MR       .....                  r - +0 pair of boots
Stlth    +.........             k - amulet of rage
Regen    0.2/turn               o - +2 ring of protection
MPRegen  0.1/turn               (no ring)

@: no status effects
A: antennae 2, demonic guardian 1
a: Berserk, Trog's Hand, Burn Spellbooks, Renounce Religion, Evoke Berserk Rage


You were on level 3 of the Dungeon.
You worshipped Trog.
Trog was most pleased with you.
You were not hungry.

You visited 1 branch of the dungeon, and saw 3 of its levels.

You collected 96 gold pieces.

Inventory:

Hand Weapons
 l - a +0 war axe (weapon)
Armour
 e - a +0 shield
 q - a +0 ring mail (worn)
 r - a +0 pair of boots (worn)
Jewellery
 k - an amulet of rage (around neck)
 o - a +2 ring of protection (left hand)
Scrolls
 g - 3 scrolls of identify
 h - 2 scrolls of fear
Potions
 i - a potion of ambrosia
 j - 2 potions of brilliance {unknown}
 m - a potion of heal wounds {unknown}
 n - a potion of lignification {unknown}
Comestibles
 c - 2 bread rations
 f - 4 fruits
 t - 3 chunks of flesh


   Skills:
 + Level 5.1 Fighting
 + Level 4.8 Axes
 - Level 1.7 Armour
 - Level 1.7 Dodging


You had 5 spell levels left.
You didn't know any spells.

Dungeon Overview and Level Annotations

Branches:
Dungeon (3/15)

Altars:

Annotations:
D:3 Ijyb


Innate Abilities, Weirdness & Mutations

You have a pair of antennae on your head.
A weak demonic guardian rushes to your aid.


Message History

The frilled lizard hisses angrily.
There is an open door here.
You hit Ijyb.
Ijyb is lightly wounded.
You slash the frilled lizard!
You kill the frilled lizard!
Trog accepts your kill. Ijyb hits you with a club.
You closely miss Ijyb.
Ijyb is lightly wounded.
You hit the leopard gecko. The leopard gecko misses you.
Ijyb zaps a wand.
The bolt of acid hits you!
You are splashed with acid!
The acid burns!
It is a wand of acid (?/15).
The leopard gecko bites you but does no damage.
You closely miss Ijyb.
Ijyb is lightly wounded.
You barely miss the leopard gecko.
Ijyb zaps a wand.
The bolt of acid hits you!
* * * LOW HITPOINT WARNING * * *
You are splashed with acid!
The acid burns!
You die...

###### .....# #######
.....############......#
.....'..........@g..>..+
.....#####.######l.....#
.....# #.# ..)...+
.....#####+## ......#
#####>......# ......#
#####.......# ......+
...##.......# ......#
##.##.......# ###+###
#.##.......#


You could see Ijyb and a leopard gecko.

Vanquished Creatures
  Sigmund (D:2)
  Robin (D:2)
  3 adders (D:2)
  4 worms
  2 dart slugs
  4 leopard geckos
  2 orcs (D:3)
  2 ball pythons
  7 bats
  4 giant cockroaches
  6 hobgoblins
  2 quokkas (D:2)
  7 frilled lizards
  16 goblins
  A kobold (D:3)
  8 rats
70 creatures vanquished.

Notes
Turn   | Place    | Note
-------+----------+-------------------------------------------
     0 | D:1      | grindst0ne the Demonspawn Berserker began the quest for the Orb.
     0 | D:1      | Reached XP level 1. HP: 18/18 MP: 1/1
   455 | D:1      | Gained mutation: You have a pair of small antennae on your head. [demonic ancestry]
   455 | D:1      | Reached XP level 2. HP: 18/24 MP: 2/2
  1787 | D:2      | Gained mutation: You have a pair of antennae on your head. [demonic ancestry]
  1787 | D:2      | Reached XP level 3. HP: 25/29 MP: 3/3
  1935 | D:2      | Reached ** piety under Trog
  2040 | D:2      | Noticed Robin
  2062 | D:2      | Killed Robin
  2093 | D:2      | Reached skill level 4 in Fighting
  2093 | D:2      | Gained mutation: A weak demonic guardian rushes to your aid. [demonic ancestry]
  2093 | D:2      | Reached XP level 4. HP: 11/37 MP: 4/4
  2951 | D:2      | Noticed Sigmund
  2962 | D:2      | Killed Sigmund
  2962 | D:2      | Reached skill level 5 in Fighting
  2962 | D:2      | Reached XP level 5. HP: 44/44 MP: 5/5
  3514 | D:3      | Reached XP level 6. HP: 41/51 MP: 6/6
  3687 | D:3      | Reached *** piety under Trog
  3738 | D:3      | Noticed Ijyb
  3742 | D:3      | Splashed by Ijyb's acid

Vault maps used:
D:1:      dpeg_arrival_renting
D:2:      hangedman_decor_diamond_cutter, uniq_robin, uniq_sigmund
D:3:      uniq_ijyb

Skill      XL: |  1  2  3  4 |
---------------+-------------+-----
Axes           | 3 4 |  4.8
Fighting       | 4 5 |  5.1
Armour         | |  1.7
Dodging        | |  1.7

Action                   |  1- 3 |  4- 6 || total
-------------------------+-------+-------++-------
Melee: Hand axe          |   124 |   109 ||   233
       War axe           |       |     3 ||     3
Invok: Berserk           |     1 |     1 ||     2
  Use: Scroll            |       |     7 ||     7
 Stab: Sleeping          |       |     1 ||     1
  Eat: Chunk             |     4 |     7 ||    11
Armor: Animal skin       |    26 |     5 ||    31
       Ring mail         |       |    25 ||    25
Dodge: Dodged            |    86 |    65 ||   151
